 Dungeon Crawl Stone Soup version 0.28.0 (webtiles) character file.

Game seed: 11435569768208029722

95 Hasart the Shield-Bearer (level 4, -6/38 HPs)
             Began as a Demigod Fighter on Feb 11, 2022.
             Mangled by Terence (10 damage)
             ... on level 2 of the Dungeon.
             The game lasted 00:02:10 (2129 turns).

Hasart the Shield-Bearer (Demigod Fighter)          Turns: 2129, Time: 00:02:11

Health: -6/38      AC:  6    Str: 17    XL:     4   Next: 17%
Magic:  6/6        EV:  9    Int: 10    God:
Gold:   82         SH:  5    Dex: 17    Spells: 3/3 levels left

rFire   . . .      SeeInvis .   a - +0 long sword
rCold   . . .      Faith    .   c - +0 buckler
rNeg    . . .      Spirit   .   b - +0 scale mail
rPois   .          Reflect  .   (no helmet)
rElec   .          Harm     .   (no cloak)
rCorr   .          Rampage  .   (no gloves)
Will    .....                   (no boots)
Stlth   ..........              (no amulet)
HPRegen 0.12/turn               (no ring)
MPRegen 0.10/turn               (no ring)

@: no status effects
A: high MP 1, forlorn, divine attributes
a: no special abilities


You were on level 2 of the Dungeon.
You visited 1 branch of the dungeon, and saw 2 of its levels.

You collected 82 gold pieces.

Inventory:

Hand Weapons
 a - a +0 long sword (weapon)
Missiles
 j - 4 poisoned darts (quivered)
 l - 2 boomerangs
Armour
 b - a +0 scale mail (worn)
 c - a +0 buckler (worn)
Jewellery
 m - a ring of magical power
Scrolls
 e - 2 scrolls of vulnerability {unknown}
 f - a scroll of immolation {unknown}
 h - 3 scrolls of fear {unknown}
 i - a scroll of brand weapon {unknown}
 k - 2 scrolls of summoning {unknown}
 o - a scroll of amnesia {unknown}
 p - a scroll of identify {unknown}
Potions
 d - a potion of might
 g - a potion of resistance {unknown}
 n - a potion of lignification {unknown}


   Skills:
 + Level 3.0 Fighting
 * Level 2.8 Long Blades
 + Level 0.6 Throwing
 + Level 3.1 Armour
 + Level 1.2 Dodging
 + Level 3.1 Shields


You had 3 spell levels left.
You didn't know any spells.
Your spell library contained the following spells:

 Spells                   Type           Power      Damage    Failure   Level
 Ensorcelled Hibernation  Hex/Ice        0%         N/A       94%         2
 Passwall                 Tmut/Erth      0%         N/A       94%         2
 Swiftness                Air            0%         N/A       99%         3


Dungeon Overview and Level Annotations

Branches:
Dungeon (2/15)

Annotations:
D:2 1 runed translucent door, Crazy Yiuf, Terence


Innate Abilities, Weirdness & Mutations

You have an increased reservoir of magic. (+10% MP)
You shall have no god before yourself.
Your divine heritage dramatically boosts your attributes as you level up.


Message History

You now have 82 gold pieces (gained 7).
Found a crooked glowing staff.
h - 3 scrolls labelled WYKLYU JAEHUTT (gained 2)
There is a stone staircase leading down here.
You see here a hobgoblin skeleton.
Found an escape hatch in the floor.
There is an escape hatch in the floor here.
You pick up a book of Burglary and begin reading...
You add the spells Passwall, Ensorcelled Hibernation and Swiftness to your library.
Found a mace.
Found a runed translucent door.
Crazy Yiuf shouts!
Found a stone staircase leading up.
Terence the Incautious comes into view.
He is wielding a +0 short sword.
Terence shouts!
Terence shouts, "DIE!!!"
Terence drinks a potion.
Terence goes berserk!
You hit Terence.
Terence is lightly wounded.
You block Terence's attack. Terence hits you but does no damage.
You hit Terence.
Terence is moderately wounded.
Terence hits you with a +0 short sword! x2
You hit Terence.
Terence is heavily wounded.
Terence hits you with a +0 short sword! Terence hits you with a +0 short sword.
* * * LOW HITPOINT WARNING * * *
You hit Terence but do no damage.
Terence is heavily wounded.
Terence hits you with a +0 short sword.
* * * LOW HITPOINT WARNING * * *
Terence closely misses you.
You hit Terence but do no damage.
Terence is heavily wounded.
Terence barely misses you. Terence hits you with a +0 short sword.
* * * LOW HITPOINT WARNING * * *
You block Terence's attack.
You slash Terence!
Terence is almost dead.
Terence hits you with a +0 short sword!
You die...

#.# ♣♣.♣ #.> #.#
♣.♣♣ #.. #.# # #+#
#.. #.#.# ... #.#
#.#.# #...# #.#
#...# #)..# ###
#.### ##### # #.#
. #@# ### #
#@....... ##.##
#<#########...####
#.# #........ #.#
#.......< #.#
#.†##.##. #.#
####...###. ..#
#....### #. #.####
#.


You could see Terence (berserk).

Vanquished Creatures
  Natasha (twice) (D:2)
  An adder (D:2)
  A worm (D:2)
  4 bats (D:1)
  An endoplasm (D:2)
  2 giant cockroaches (D:1)
  3 goblins
  3 hobgoblins
  2 jackals (D:1)
  2 quokkas
  4 ball pythons
  A frilled lizard (D:1)
  2 kobolds (D:1)
  6 rats
34 creatures vanquished.

Vanquished Creatures (others)
  3 fungi (D:1)
  3 plants (D:1)
6 creatures vanquished.

Grand Total: 40 creatures vanquished

Notes
Turn   | Place    | Note
-------+----------+-------------------------------------------
     0 | D:1      | Hasart the Demigod Fighter began the quest for the Orb.
     0 | D:1      | Reached XP level 1. HP: 18/18 MP: 3/3
   390 | D:1      | Reached XP level 2. HP: 25/25 MP: 4/4
  1513 | D:2      | Reached XP level 3. HP: 18/30 MP: 5/5
  1654 | D:2      | Reached skill level 1 in Dodging
  1672 | D:2      | Noticed Natasha
  1689 | D:2      | Killed Natasha
  1771 | D:2      | Noticed Natasha
  1786 | D:2      | Killed Natasha
  1787 | D:2      | Reached XP level 4. HP: 11/38 MP: 6/6
  2088 | D:2      | Found a runed translucent door.
  2089 | D:2      | Noticed Crazy Yiuf
  2120 | D:2      | Noticed Terence
  2129 | D:2      | Mangled by Terence

Illustrated notes

Levels and vault maps discovered:
D:1:      enne_arrival_octagon_isle, layout_loops_ring,
          shapermc_ecumenical_altar_mp_urbaneastern, minmay_strange_pillars,
          minmay_misc_feat_x
D:2:      layout_loops_ring, uniq_sigmund, uniq_natasha, uniq_terence,
          uniq_crazy_yiuf_cottage

Skill      XL: |  1  2  3 |
---------------+----------+-----
Long Blades    | 2 |  2.8
Dodging        | 1 |  1.2
Fighting       | 3 |  3.0
Armour         | 3 |  3.1
Shields        | 3 |  3.1
Throwing       | |  0.6

Action                   |  1- 3 |  4- 6 || total
-------------------------+-------+-------++-------
Melee: Long sword        |   151 |    12 ||   163
Armor: Scale mail        |    77 |     4 ||    81
Dodge: Dodged            |    92 |     4 ||    96
Block: Buckler           |    42 |     4 ||    46
